 Dungeon Crawl Stone Soup version 0.17-a0-2171-ga91b4ec (webtiles) character file.

52 mrath the Chiller (level 3, -5/26 HPs)
             Began as a Merfolk Ice Elementalist on Oct 25, 2015.
             Slain by a worm (9 damage)
             ... on level 2 of the Dungeon.
             The game lasted 00:18:31 (2245 turns).

mrath the Chiller (Merfolk Ice Elementalist)        Turns: 2245, Time: 00:18:31

Health: -5/26      AC:  2    Str:  8    XL:     3   Next: 85%
Magic:  1/6        EV: 13    Int: 14    God:
Gold:   72         SH:  0    Dex: 15    Spells: 2 memorised, 4 levels left

rFire  . . .     SeeInvis .     j - +0 whip
rCold  . . .     Clarity  .     a - +0 robe
rNeg   . . .     SustAt   .     (no shield)
rPois  .         Gourm    .     (no helmet)
rElec  .         Spirit   .     (no cloak)
rCorr  .         Warding  .     (no gloves)
rMut   .         Stasis   .     (no boots)
MR     .....                    (no amulet)
Stlth  ++........               (no ring)
                                (no ring)

@: not resistant to hostile enchantments, unstealthy
A: change form in water, swift swim
a: no special abilities


You were on level 2 of the Dungeon.
You were not hungry.

You visited 1 branch of the dungeon, and saw 2 of its levels.

You collected 72 gold pieces.

Inventory:

Hand Weapons
 g - a +0 short sword
 j - a +0 whip (weapon)
 p - a +0 flail
 u - a +0 hunting sling
 v - a cursed +0 hunting sling
 w - a +3 vampiric whip
Missiles
 f - 92 stones (quivered)
 t - 14 poisoned needles
Armour
 a - a +0 robe (worn)
 e - a +0 leather armour
 x - a +0 helmet
Jewellery
 d - a +2 ring of evasion {unknown}
 l - an uncursed amulet of stasis {unknown}
 q - an uncursed amulet of clarity {unknown}
Scrolls
 i - a scroll of immolation {unknown}
 m - 2 scrolls of identify {unknown}
 r - a scroll of amnesia {unknown}
 s - a scroll of fog {unknown}
Potions
 h - a potion of heal wounds {unknown}
 k - a potion of cure mutation {unknown}
 o - 4 potions of curing {unknown}
Books
 b - a book of Frost

   Spells                             Type                      Level
   a - Freeze                         Ice                          1
   b - Throw Frost                    Conjuration/Ice              2
   c - Ozocubu's Armour               Charms/Ice                   3
   d - Throw Icicle                   Conjuration/Ice              4
   e - Summon Ice Beast               Ice/Summoning                4
   f - Condensation Shield            Ice                          4
Comestibles
 c - 3 bread rations
 n - a chunk of flesh


   Skills:
 + Level 1.2 Fighting
 + Level 3.2 Dodging
 - Level 2.1 Stealth
 + Level 2.5 Spellcasting
 - Level 0.7 Conjurations
 + Level 4.1 Ice Magic


You had 4 spell levels left.
You knew the following spells:

 Your Spells              Type           Power        Failure   Level  Hunger
a - Freeze                Ice            ##..         4%          1    #......
b - Throw Frost           Conj/Ice       #.....       14%         2    ###....


Dungeon Overview and Level Annotations

Branches:
Dungeon (2/15)

Altars:


Message History

The worm is severely wounded.
Casting: Freeze
Confirm with . or Enter, or press ? or * to list all spells.
Aiming: Freeze
Press: ? - help, Shift-Dir - straight line, f/p - worm
Aim: a worm (severely wounded)
You freeze the worm.
The worm is severely wounded.
The worm bites you.
Unknown command.
You hit the worm but do no damage.
The worm is severely wounded.
The worm bites you!
* * * LOW HITPOINT WARNING * * *
You completely miss the worm.
The worm is heavily wounded.
You hit the worm.
The worm is almost dead.
The worm bites you!
You die...

##'### # #.# #
#.# #.# #.# #.#
#.# #.#######
#......@#
#######w# #(#
#(# #####(####
#.w......#
#......###$##.#
#...... ..# #
#..(.(. ###


You could see a worm.

Vanquished Creatures
  Robin (D:2)
  2 ball pythons (D:2)
  A giant cockroach (D:2)
  11 goblins
  7 hobgoblins
  5 kobolds
  4 bats
  2 giant newts (D:2)
  4 rats
37 creatures vanquished.

Notes
Turn   | Place    | Note
--------------------------------------------------------------
     0 | D:1      | mrath the Merfolk Ice Elementalist began the quest for the Orb.
     0 | D:1      | Reached XP level 1. HP: 13/13 MP: 3/3
   410 | D:1      | Reached XP level 2. HP: 16/19 MP: 1/5
   481 | D:1      | Learned a level 2 spell: Throw Frost
  1451 | D:2      | Reached XP level 3. HP: 18/25 MP: 6/6
  1651 | D:2      | Reached skill level 4 in Ice Magic
  1826 | D:2      | Noticed Robin
  1931 | D:2      | Reached skill level 1 in Fighting
  1980 | D:2      | Killed Robin
  2245 | D:2      | Slain by a worm

Vault maps used:
D:1:      dpeg_arrival_round_b
D:2:      uniq_sigmund, uniq_terence, uniq_robin, uniq_crazy_yiuf_cottage

Action                   || total
-------------------------++-------
Melee: Whip              ||     3
Throw: Stone             ||   112
 Cast: Freeze            ||    55
  Eat: Chunk             ||     5
